 Dungeon Crawl Stone Soup version 0.31-a0-128-g25add195a6 (webtiles) character file.

Game seed: 3540862508726651316

12271 jasper the Geomancer (level 11, -6/52 HPs)
             Began as a Spriggan Venom Mage on June 1, 2023.
             Was a Believer of Kikubaaqudgha.
             Killed by divine providence
             ... invoked by a meliai
              (11 damage)
             ... on level 11 of the Dungeon.
             The game lasted 00:27:15 (15480 turns).

jasper the Geomancer (Spriggan Venom Mage)         Turns: 15480, Time: 00:27:16

Health: -6/52      AC: 16    Str:  4    XL:     11   Next: 60%
Magic:  16/21      EV: 19    Int: 20    God:    Kikubaaqudgha [**....]
Gold:   1103       SH:  5    Dex: 17    Spells: 9/22 levels left

rFire   . . .        y - +3 hand crossbow (elec)
rCold   . . .        C - +1 buckler
rNeg    . . .        D - +0 steam dragon scales
rPois   .            (helmet restricted)
rElec   .            w - +2 cloak {Will+}
rCorr   .            (gloves unavailable)
SInv    +            (boots unavailable)
Will    ++...        (no amulet)
Stlth   ++++         r - +4 ring of protection
HPRegen 0.28/turn    e - +4 ring of protection
MPRegen 0.17/turn

%: no passive effects
@: very quick
A: very small, no large weapons, unfitting armour, see invisible, speed 3
a: Renounce Religion, Unearth Wretches


You were on level 11 of the Dungeon.
You worshipped Kikubaaqudgha.
Kikubaaqudgha was pleased with you.
You visited 2 branches of the dungeon, and saw 12 of its levels.
You also visited: Sewer, Ossuary and Bailey.

You collected 1404 gold pieces.
You spent 301 gold pieces at shops.

Inventory:

Hand Weapons
 f - a +0 dagger of venom
 h - a +1 sling of draining
 l - a +0 short sword of draining
 y - a +3 hand crossbow of electrocution (weapon)
Armour
 a - a +0 robe
 w - a +2 cloak of willpower (worn)
 C - a +1 buckler (worn)
 D - +0 steam dragon scales (worn)
Magical Staves
 E - a staff of death
 H - a staff of earth
Jewellery
 e - a +4 ring of protection (right hand)
 r - a +4 ring of protection (left hand)
 v - a ring of positive energy
 x - a +4 ring of protection
 K - a ring of magical power
Wands
 m - a wand of polymorph (19)
 o - a wand of flame (27)
 G - a wand of digging (8)
Scrolls
 i - 4 scrolls of fear
 k - 6 scrolls of teleportation
 n - 2 scrolls of brand weapon
 q - 3 scrolls of enchant weapon
 t - 2 scrolls of immolation
 B - a scroll of summoning
 F - 5 scrolls of fog
 I - a scroll of enchant armour
 L - a scroll of identify
Potions
 b - 4 potions of magic
 c - 3 potions of curing
 d - 3 potions of haste
 g - 2 potions of enlightenment
 j - a potion of attraction
 p - 3 potions of lignification
 s - 2 potions of might
 u - 3 potions of heal wounds
 z - 2 potions of resistance {unknown}
 A - a potion of mutation {unknown}
 J - a potion of cancellation {unknown}


   Skills:
 + Level 3.2 Fighting
 + Level 6.0 Dodging
 + Level 7.1 Stealth
 - Level 6.0 Spellcasting
 - Level 8.0 Conjurations
 * Level 5.2 Necromancy
 - Level 1.3 Transmutations
 - Level 1.0 Air Magic
 - Level 9.0 Earth Magic
 - Level 7.0 Poison Magic


You had 9 spell levels left.
You knew the following spells:

 Your Spells              Type           Power      Damage    Failure   Level
a - Sting                 Tmut/Pois      88%        1d7       3%          1
b - Poisonous Vapours     Pois/Air       44%        N/A       6%          2
c - Mephitic Cloud        Conj/Pois/Air  27%        N/A       8%          3
d - Olgreb's Toxic Radia  Pois           34%        N/A       12%         4
e - Stone Arrow           Conj/Erth      80%        3d12      1%          3

Your spell library contained the following spells:

 Spells                   Type           Power      Damage    Failure   Level
 Kiss of Death            Conj/Necr      100%       2d13      1%          1
 Sandblast                Erth           84%        2d18      1%          1
 Necrotise                Necr           100%       1d9       2%          1
 Shock                    Conj/Air       96%        1d9       3%          1
 Passwall                 Tmut/Erth      21%        N/A       3%          2
 Static Discharge         Conj/Air       48%        2-4/arc   4%          2
 Vampiric Draining        Necr           27%        2d7       8%          3
 Animate Dead             Necr           27%        N/A       24%         4
 Lesser Beckoning         Tloc           12%        N/A       32%         2
 Swiftness                Air            10%        N/A       38%         3
 Gell's Gravitas          Tloc           6%         N/A       54%         3
 Teleport Other           Tloc           6%         N/A       54%         3
 Airstrike                Air            5%         2d(1-17)  80%         4
 Summon Lightning Spire   Summ/Air       8%         N/A       86%         4


Dungeon Overview and Level Annotations

Branches:
Dungeon (11/15)            Temple (1/1) D:7            Lair (0/5) D:8
  Sewer (visited)         Ossuary (visited)          Bailey (visited)
    Orc: D:9-12

Altars:
Ashenzari
Cheibriados
Dithmenos
Elyvilon
Fedhas
Gozag
Hepliaklqana
Kikubaaqudgha
Makhleb
Nemelex Xobeh
Okawaru
Qazlal
Ru
Sif Muna
Trog
Uskayaw
Vehumet
Wu Jian
Xom
Yredelemnul
Zin
The Shining One

Shops:
D:1 ([?*(

Portals:
Abyss: D:7

Annotations:
D:7 2 transporters, wolfgangpup's ghost, novice GrEE
D:9 3 runed translucent doors


Innate Abilities, Weirdness & Mutations

You are very small and have problems with some larger weapons.
You are too small for most types of armour.
You have supernaturally acute eyesight. (SInv)
You cover ground extremely quickly. (Speed+++)


Message History

The meliai attacks as you move away! The meliai completely misses you.
The meliai barely misses you.
Your toxic aura wanes.
The meliai calls upon its god to heal the meliai.
The meliai is healed somewhat.
The meliai hits you with a +0 war axe.
The meliai stings you but does no damage.
The meliai completely misses you. The meliai stings you.
Your magical contamination has completely faded away.
You take 6 damage, and have 46/52 hp.
The meliai calls down the wrath of its god upon you.
Something smites you!
You take 14 damage, and have 32/52 hp.
MASSIVE DAMAGE!!
The meliai attacks as you move away! The meliai closely misses you.
You block the meliai's attack.
You kill the meliai!
Kikubaaqudgha accepts your kill.
Your Dodging skill increases to level 6!
The meliai attacks as you move away! The meliai hits you with a +0 hand axe.
The meliai misses you.
You take 5 damage, and have 28/52 hp.
Casting: Olgreb's Toxic Radiance (quite dangerous; 12% risk of failure)
Confirm with . or Enter, or press ? or * to list all spells.
The spell is quite dangerous to miscast (12% risk of failure)!
Continue anyway? [Y]es or [N]o only, please.
The spell is quite dangerous to miscast (12% risk of failure)!
Continue anyway?
Okay, then.
The meliai attacks as you move away! The meliai completely misses you.
The meliai closely misses you.
The meliai calls down the wrath of its god upon you.
Something smites you!
You take 12 damage, and have 16/52 hp.
MASSIVE DAMAGE!!
The meliai mumbles some strange prayers to its god against you.
Something smites you!
* * * LOW HITPOINT WARNING * * *
The meliai closely misses you. The meliai misses you.
You take 11 damage, and have 5/52 hp.
MASSIVE DAMAGE!!
The meliai calls down the wrath of its god upon you.
Something smites you!
You die...
Kikubaaqudgha rasps: "You have failed me!
Welcome... death!"

.o..)..)........#
.....###.......#
..#### #.......##
#. #..##........#
..........##...##
.....#..###.y...#
.....#....##...##
...........y....##
#......@......#
###.)<......###
#.....#####
###..## ####


You could see 2 meliai.

Vanquished Creatures
  A boulder beetle (D:9)
  A two-headed ogre (D:9)
  An ugly thing (D:9)
  A cyclops (D:9)
  A slime creature (D:9)
  Maggie (D:8)
  A kobold demonologist (D:9)
  Psyche (D:8)
  A troll (D:10)
  A meliai (D:11)
  Grinder (D:3)
  Sigmund (D:3)
  10 yaks
  A wyvern (D:7)
  A wraith (D:10)
  An unseen horror simulacrum (D:9)
  A basilisk (shapeshifter) (D:9)
  Menkaure (D:5)
  A steam dragon (D:7)
  2 water moccasins (D:7)
  Duvessa (D:5)
  17 orc warriors
  2 sky beasts (D:7)
  2 black bears
  2 ice beasts (D:6)
  8 centaurs
  3 ogres
  2 kobold brigands (Sewer)
  5 scorpions
  5 bullfrogs
  5 wights (D:7)
  Dowan (D:5)
  15 killer bees
  4 howler monkeys
  6 hounds
  A jelly (D:7)
  An orc priest (D:11)
  A gnoll bouda (D:6)
  Ijyb (D:5)
  A sleepcap (D:6)
  6 iguanas
  6 orc wizards
  A mummy (D:8)
  7 gnolls
  7 adders
  4 river rats
  A shadow imp (D:6)
  A white imp (D:7)
  2 worms
  A dart slug (D:3)
  43 orcs
  5 endoplasms
  5 giant cockroaches
  A gnoll zombie (D:4)
  7 hobgoblins
  4 jackals (D:2)
  3 quokkas
  7 ball pythons
  6 bats
  18 frilled lizards
  19 goblins
  A hobgoblin zombie (D:4)
  A jackal zombie (D:4)
  6 kobolds
  A kobold zombie (D:8)
  3 orc zombies (D:8)
  9 rats
  A rat zombie (D:4)
289 creatures vanquished.

Notes
Turn   | Place    | Note
-------+----------+-------------------------------------------
     0 | D:1      | jasper the Spriggan Venom Mage began the quest for the Orb.
     0 | D:1      | Reached XP level 1. HP: 9/9 MP: 5/5
   124 | D:1      | Found Vuamotod's Weapon Shoppe.
   201 | D:1      | Reached XP level 2. HP: 13/13 MP: 2/7
   204 | D:1      | Learned a level 2 spell: Poisonous Vapours
   527 | D:1      | Found Nuwol's Magic Scroll Shoppe.
   703 | D:1      | Found Gitai's Assorted Antiques.
   776 | D:1      | Found Uvvaen's Armour Boutique.
   830 | D:1      | Found Epyukkuil's Antique Weapon Shoppe.
  1077 | D:2      | Reached XP level 3. HP: 9/16 MP: 0/8
  1081 | D:2      | Learned a level 3 spell: Mephitic Cloud
  2086 | D:3      | Found a sparkling altar of Nemelex Xobeh.
  2128 | D:3      | Found a snail-covered altar of Cheibriados.
  2160 | D:3      | Noticed Sigmund
  2179 | D:3      | Killed Sigmund
  2180 | D:3      | Reached skill level 1 in Conjurations
  2180 | D:3      | Reached skill level 1 in Air Magic
  2180 | D:3      | Reached skill level 5 in Poison Magic
  2180 | D:3      | Reached XP level 4. HP: 7/21 MP: 1/9
  2180 | D:3      | Reached XP level 5. HP: 8/24 MP: 1/10
  2193 | D:3      | Learned a level 4 spell: Olgreb's Toxic Radiance
  2338 | D:3      | Found a blossoming altar of Fedhas.
  2618 | D:3      | Noticed Grinder
  3000 | D:4      | Reached XP level 6. HP: 28/28 MP: 5/11
  3274 | D:4      | Found a sand-covered staircase.
  3283 | Ossuary  | Entered an ossuary
  3809 | D:5      | Entered Level 5 of the Dungeon
  3848 | D:5      | Reached XP level 7. HP: 32/32 MP: 5/15
  3867 | D:5      | Reached skill level 5 in Spellcasting
  3871 | D:5      | Learned a level 3 spell: Stone Arrow
  3985 | D:5      | Noticed Ijyb
  3998 | D:5      | Killed Ijyb
  4007 | D:5      | Noticed Dowan
  4030 | D:5      | Killed Dowan
  4146 | D:5      | Noticed Duvessa
  4226 | D:5      | Killed Duvessa
  4227 | D:5      | Reached skill level 1 in Earth Magic
  4232 | D:5      | Found a white marble altar of Elyvilon.
  4238 | D:5      | Reached skill level 2 in Earth Magic
  4283 | D:5      | Found a glowing drain.
  4287 | Sewer    | Entered a sewer
  4757 | Sewer    | Reached XP level 8. HP: 19/36 MP: 8/18
  4952 | Sewer    | Reached skill level 3 in Earth Magic
  5976 | D:5      | Noticed Menkaure
  5982 | D:5      | Killed Menkaure
  5983 | D:5      | Reached skill level 4 in Earth Magic
  6623 | D:6      | Reached skill level 5 in Earth Magic
  7046 | D:6      | Found an opulent altar of Gozag.
  7158 | D:6      | Reached XP level 9. HP: 39/39 MP: 14/19
  7664 | D:6      | Reached skill level 5 in Conjurations
  7836 | D:1      | Bought a +2 cloak of willpower for 301 gold pieces
  7990 | D:3      | Killed Grinder
  7991 | D:3      | Reached skill level 6 in Earth Magic
  8705 | D:7      | Found a glowing silver altar of Zin.
  9066 | D:7      | Noticed a wizard
  9130 | D:7      | Reached skill level 7 in Earth Magic
  9247 | D:7      | Found a transporter.
  9263 | D:7      | Found the +8 demon trident "Rift" {distort, reach+}
  9270 | D:7      | Found a transporter.
  9278 | D:7      | Noticed a white ugly thing
  9284 | D:7      | Found a one-way gate to the infinite horrors of the Abyss.
  9284 | D:7      | Noticed wolfgangpup's ghost (novice GrEE)
  9621 | D:7      | Found a staircase to the Ecumenical Temple.
  9674 | Temple   | Entered the Ecumenical Temple
  9809 | Temple   | Became a worshipper of Kikubaaqudgha
 10057 | D:8      | Identified the +7 battleaxe "Usim" {pain, *Noise Fly rElec
                  | Int+6}
 10230 | D:8      | Reached XP level 10. HP: 33/44 MP: 9/20
 10242 | D:8      | Reached skill level 8 in Earth Magic
 10337 | D:8      | Noticed Maggie
 10345 | D:8      | Killed Maggie
 11238 | D:8      | Found a staircase to the Lair.
 11314 | D:8      | Noticed Psyche
 11342 | D:8      | Killed Psyche
 11686 | D:9      | Reached skill level 9 in Earth Magic
 11837 | D:9      | Found a bloodstained altar of Trog.
 11848 | D:9      | Found a stormy altar of Qazlal.
 11998 | D:9      | Found a runed translucent door.
 11999 | D:9      | Noticed a cyclops
 12115 | D:9      | Found a flagged portal.
 12124 | Bailey   | Entered a bailey
 12223 | Bailey   | Reached * piety under Kikubaaqudgha
 12223 | Bailey   | Received a gift from Kikubaaqudgha
 12486 | Bailey   | Reached skill level 1 in Necromancy
 12703 | Bailey   | Reached skill level 1 in Fighting
 12956 | Bailey   | Noticed an orc warlord
 13257 | Bailey   | Acquired 755 gold pieces
 13259 | Bailey   | Acquired a +3 hand crossbow of electrocution
 13468 | D:9      | Found a glowing golden altar of the Shining One.
 13547 | D:9      | Noticed a two-headed ogre
 13557 | D:9      | Killed a two-headed ogre
 13558 | D:9      | Reached XP level 11. HP: 50/50 MP: 18/21
 13686 | D:9      | Reached skill level 5 in Stealth
 13732 | D:9      | Reached ** piety under Kikubaaqudgha
 14188 | D:9      | Found a runed translucent door.
 14193 | D:9      | Noticed a white ugly thing
 14303 | D:9      | Killed a white ugly thing
 14304 | D:9      | Reached skill level 5 in Dodging
 14474 | D:9      | Found a runed translucent door.
 14474 | D:9      | Noticed a centaur warrior
 14474 | D:9      | Noticed a green ugly thing
 14479 | D:9      | Noticed a boulder beetle
 14479 | D:9      | Noticed a boulder beetle
 14487 | D:9      | Killed a boulder beetle
 14684 | D:10     | Entered Level 10 of the Dungeon
 15238 | D:10     | Reached skill level 5 in Necromancy
 15480 | D:11     | Killed from afar by a meliai

Illustrated notes

Levels and vault maps discovered:
D:1:      minmay_arrival_wavy_path, layout_rooms, serial_shops, shop, shop,
          nicolae_lakefront_shop, shop, nicolae_shop_statue_plus,
          nicolae_the_louvre
D:2:      layout_loops_corners, minmay_ruptured
D:3:      layout_loops_ring, lemuel_tele_altar, lemuel_coloured_pillars_altar,
          mainiacjoe_overflow_small_starburst,
          amcnicky_mini_rare_corridor_liquid, uniq_sigmund, uniq_grinder
D:4:      layout_basic, enter_ossuary_3
D:5:      layout_basic, lemuel_round_altar, gup_sewer_entry_bowl,
          minmay_lizard_king, uniq_menkaure, uniq_ijyb, uniq_duvessa
D:6:      layout_loops_ring, grunt_gozag_breadcrumbs,
          minmay_fractal_squares_gapless_5
D:7:      layout_basic, mainiacjoe_overflow_six_doors_small,
          minmay_temple_entry_nine_rooms, gammafunk_ghost_abyssal_escape
D:8:      layout_loops_corners, grunt_lair_entry_orc_guard_hut,
          minmay_mini_ossuary, uniq_maggie, uniq_psyche
D:9:      minmay_the_grid_triangle_9x9_rhombus_full
          [minmay_the_grid_triangle_9x9_corruption,
          minmay_the_grid_triangle_9x9_shrine,
          minmay_the_grid_triangle_9x9_descending_squares,
          minmay_the_grid_triangle_9x9_corrupted_corridor,
          minmay_the_grid_triangle_9x9_empty,
          minmay_the_grid_triangle_9x9_tough_junction,
          minmay_the_grid_triangle_9x9_subtriangle,
          minmay_the_grid_triangle_9x9_prize_top_heavy], layout_stronghold,
          mainiacjoe_overflow_24_doors, mainiacjoe_overflow_large_starburst,
          enter_bailey_2
D:10:     layout_roguey, minmay_fountain_box
D:11:     layout_cave_pools, serial_column_ruins, column_ruins_hut,
          column_ruins_grid_1, column_ruins_open_tiny,
          column_ruins_corridor_straight, column_ruins_open_tiny,
          uniq_gastronok, uniq_grum
Temple:   nicolae_temple_bog_church

Skill      XL: |  1  2  3  4  5  6  7  8  9 10 11 |
---------------+----------------------------------+-----
Spellcasting   | 3 4 6 |  6.0
Poison Magic   | 4 5 6 7 |  7.0
Conjurations   | 1 2 4 6 8 |  8.0
Air Magic      | 1 |  1.0
Earth Magic    | 2 5 7 9 |  9.0
Dodging        | 4 6 |  6.0
Necromancy     | 2 5 |  5.2
Fighting       | 1 3 |  3.2
Stealth        | 4 7 |  7.1
Transmutations | |  1.3

Action                     |  1- 3 |  4- 6 |  7- 9 | 10-12 || total
---------------------------+-------+-------+-------+-------++-------
  Melee: Unarmed           |       |     5 |       |    17 ||    22
   Fire: Sling             |    39 |    61 |   177 |   125 ||   402
         Hand crossbow     |       |       |       |    63 ||    63
   Cast: Sting             |    39 |     6 |    17 |     7 ||    69
         Poisonous Vapours |    20 |    25 |    67 |    64 ||   176
         Olgreb's Toxic Ra |       |     2 |    29 |    37 ||    68
         Stone Arrow       |       |       |    43 |    18 ||    61
         Mephitic Cloud    |       |       |     1 |     8 ||     9
    Use: Scroll            |     6 |     4 |     4 |     6 ||    20
         Potion            |       |       |     2 |     2 ||     4
 Armour: Robe              |     4 |     3 |    34 |       ||    41
         Steam dragon scal |       |       |       |    48 ||    48
         Skin              |       |       |       |    15 ||    15
  Dodge: Dodged            |    15 |    46 |   122 |   127 ||   310
  Block: Buckler           |       |       |       |    30 ||    30

Table legend: (Time is in decaauts)
 A = Elapsed time spent in this place.
 B = Non-inter-level travel time spent in this place.
 C = Inter-level travel time spent in this place.
 D = Time resting spent in this place.
 E = Time spent auto-exploring this place.
 F = Levels seen in this place.
 G = Mean time per level.
                   A        B        C        D        E       F      G
               +--------+--------+--------+--------+--------+-----+--------+
         Total |  12285 |  11775 |    510 |    337 |   9335 |  15 |  819.0 |
       Dungeon |  10036 |   9540 |    496 |    268 |   7685 |  11 |  912.4 |
        Temple |     92 |     79 |     13 |      0 |     70 |   1 |   92.0 |
         Sewer |   1059 |   1059 |      0 |      0 |    937 |   1 | 1059.0 |
       Ossuary |     21 |     21 |      0 |      0 |      3 |   1 |   21.0 |
        Bailey |   1075 |   1075 |      0 |     68 |    639 |   1 | 1075.0 |
               +--------+--------+--------+--------+--------+-----+--------+

Top non-repeatable levels by time:
     D:9: 1426 daAuts
     D:5: 1267 daAuts
     D:8: 1223 daAuts
     D:7: 1163 daAuts
  Bailey: 1075 daAuts
   Sewer: 1059 daAuts
     D:6: 1034 daAuts
     D:4: 944 daAuts
     D:2: 842 daAuts
     D:1: 823 daAuts
     D:3: 701 daAuts
    D:10: 567 daAuts
  Temple: 92 daAuts
    D:11: 41 daAuts
 Ossuary: 21 daAuts
